 Dungeon Crawl Stone Soup version 0.30-a0-352-g1e81539c98 (webtiles) character file.

Game seed: 4945872600551907516

41876 Conn the Arsonist (level 14, -2/88 HPs)
             Began as an Octopode Fire Elementalist on Nov 6, 2022.
             Was a High Priest of Sif Muna.
             Slain by an orc warrior
             ... wielding a +0 dire flail
              (24 damage)
             ... on level 2 of the Orcish Mines on Nov 7, 2022.
             The game lasted 01:31:49 (17971 turns).

Conn the Arsonist (Octopode Fire Elementalist)     Turns: 17971, Time: 01:31:58

Health: -2/88      AC:  8    Str: 14    XL:     14   Next: 17%
Magic:  2/38       EV: 24    Int: 21    God:    Sif Muna [*****.]
Gold:   2272       SH: 10    Dex: 25    Spells: 2/35 levels left

rFire   + . .      SeeInvis .    a - +3 dagger (protect)
rCold   . . .      Faith    .    G - +3 warlock's mirror {reflect}
rNeg    + + .      Spirit   .    (helmet restricted)
rPois   +          Reflect  +    f - amulet of Gotu {RegenMP rN+ Dex+3}
rElec   .          Harm     .    v - +6 ring of strength
rCorr   .          Rampage  .    E - +4 ring of evasion
Will    ++...      Rnd*Tele +    k - ring of magical power
Stlth   +++++.....               z - +4 ring of evasion
HPRegen 0.34/turn                t - ring of the Empire {*Slow rPois Will+ Dex+3}
MPRegen 0.66/turn                F - ring of positive energy
                                 q - +6 ring of dexterity
                                 (no ring)

@: under a protective aura
A: almost no armour, amphibious, 8 rings, camouflage 1, gelatinous body 1,
(nimble swimmer 1), tentacles, tentacle spike 1, fire resistance 1, robust 1,
teleportitis 1
a: Renounce Religion, Channel Magic, Forget Spell, Divine Exegesis


You were on level 2 of the Orcish Mines.
You worshipped Sif Muna.
Sif Muna was extremely pleased with you.
You visited 3 branches of the dungeon, and saw 15 of its levels.
You also visited: Sewer.

You collected 2336 gold pieces.
You spent 64 gold pieces at shops.

Inventory:

Hand Weapons
 a - a +3 dagger of protection (weapon)
 b - a +1 shortbow of freezing
 N - a +4 rapier of draining
Missiles
 c - 12 curare-tipped darts (quivered)
 P - 2 throwing nets
Armour
 G - the +3 warlock's mirror (worn) {reflect}
   (You acquired it on level 10 of the Dungeon)

   It can block and reflect piercing ranged attacks and magical attacks against
   the wielder's willpower.
 J - a +4 kite shield
Magical Staves
 e - a staff of cold
 C - a staff of poison
Jewellery
 f - the amulet of Gotu (around mantle) {RegenMP rN+ Dex+3}
   (You took it off a meliai on level 11 of the Dungeon)

   [amulet of magic regeneration]

   It increases your rate of magic regeneration.
   Dex:       It affects your dexterity (+3).
   rN:        It protects you from negative energy.
 k - a ring of magical power (on tentacle)
 m - the ring of the Rabble {Ice Will+}
   (You took it off a gnoll sergeant on level 11 of the Dungeon)

   [ring of ice]

   It enhances your ice magic.
   rF:        It makes you vulnerable to fire.
   rC:        It protects you from cold.
   Will:      It increases your willpower.
 q - a +6 ring of dexterity (on tentacle)
 s - an amulet of guardian spirit
 t - the ring of the Empire (on tentacle) {*Slow rPois Will+ Dex+3}
   (You took it off a centaur warrior on level 11 of the Dungeon)

   [ring of willpower]

   Dex:       It affects your dexterity (+3).
   rPois:     It protects you from poison.
   *Slow:     It may slow you when you take damage.
   Will:      It increases your willpower.
 v - a +6 ring of strength (left tentacle)
 z - a +4 ring of evasion (on tentacle)
 D - the ring "Fiyh" {rN+ Will- rCorr Str+3}
   (You took it off an orc wizard on level 11 of the Dungeon)

   [ring of positive energy]

   Str:       It affects your strength (+3).
   rN:        It protects you from negative energy.
   rCorr:     It protects you from acid and corrosion.
   Will:      It decreases your willpower.
 E - a +4 ring of evasion (right tentacle)
 F - a ring of positive energy (on tentacle)
 K - an amulet of faith
Wands
 w - a wand of polymorph (6)
 x - a wand of flame (9)
 B - a wand of charming (6)
 I - a wand of mindburst (49)
 L - a wand of digging (3)
 M - a wand of roots (10)
Scrolls
 d - a scroll of teleportation
 h - a scroll of poison
 j - a scroll of magic mapping
 n - a scroll of blinking
 y - 2 scrolls of immolation {unknown}
Potions
 g - a potion of mutation
 i - 2 potions of flight
 l - 9 potions of curing
 o - a potion of ambrosia
 p - a potion of attraction
 r - a potion of lignification
 A - 5 potions of might
 H - a potion of brilliance
 O - a potion of haste


   Skills:
 + Level 1.9 Fighting
 + Level 1.9 Short Blades
 + Level 1.7 Ranged Weapons
 + Level 1.0 Throwing
 + Level 4.4 Dodging
 + Level 6.0 Stealth
 + Level 5.2 Shields
 + Level 11.1 Spellcasting
 * Level 8.6 Conjurations
 + Level 3.6 Hexes
 + Level 6.7 Necromancy
 - Level 3.0 Translocations
 - Level 5.0 Transmutations
 + Level 11.6 Fire Magic
 + Level 3.0 Air Magic
 + Level 4.2 Poison Magic
 * Level 8.3 Invocations
 + Level 2.8 Evocations


You had 2 spell levels left.
You knew the following spells:

 Your Spells              Type           Power      Damage    Failure   Level
a - Foxfire               Conj/Fire      100%       2x1d9     1%          1
b - Kindle Blastsparks    Fire/Tloc/Air  72%        2d16      1%          3
c - Inner Flame           Hex/Fire       43%        N/A       1%          3
d - Flame Wave            Conj/Fire      53%        2d13      1%          4
e - Scorch                Fire           100%       2d10      1%          2
f - Dispel Undead         Necr           39%        3d16      4%          4
g - Swiftness             Air            24%        N/A       6%          3
h - Irradiate             Conj/Tmut      20%        3d18      12%         5
i - Confusing Touch       Hex            27%        N/A       4%          3
j - Arcjolt               Conj/Air       18%        1d28      19%         5

Your spell library contained the following spells:

 Spells                   Type           Power      Damage    Failure   Level
 Kiss of Death            Conj/Necr      100%       2d13      1%          1
 Slow                     Hex            100%       N/A       1%          1
 Cigotuvi's Dreadful Rot  Necr/Pois/Air  62%        N/A       1%          2
 Passwall                 Tmut/Erth      18%        N/A       4%          2
 Ensorcelled Hibernation  Hex/Ice        38%        N/A       5%          2
 Vampiric Draining        Necr           39%        2d8       1%          3
 Blade Hands              Tmut           16%        N/A       26%         5
 Conjure Ball Lightning   Conj/Air       18%        3x3d6     71%         6
 Dragon Form              Tmut           16%        N/A       100%        7
 Haunt                    Necr/Summ      12%        N/A       100%        7


Dungeon Overview and Level Annotations

Branches:
Dungeon (12/15)            Temple (1/1) D:5            Lair (0/5) D:9
    Orc (2/2) D:12          Sewer (visited)
    Elf: Orc:2

Altars:
Fedhas
Gozag
Hepliaklqana
Kikubaaqudgha
Makhleb
Sif Muna
Trog
Uskayaw
Vehumet
Wu Jian
Xom
Yredelemnul
The Shining One

Shops:
Orc:2 *

Annotations:
D:6 1 runed translucent door, twist's ghost, novice OpCA
Orc:2 2 transporters, djsbf's ghost, journeyman SpEn


Innate Abilities, Weirdness & Mutations

You cannot wear most types of armour.
You are amphibious.
You can wear up to eight rings at the same time.
Your skin changes colour to match your surroundings (Stealth+).
Your rubbery body absorbs attacks. (AC +1, EV +1)
((You are camouflaged when in or above water. (Stealth+)))
You have tentacles for arms and can constrict up to eight enemies at once.
One of your tentacles bears a spike.
Your flesh is heat resistant. (rF+)
You are robust. (+10% HP)
You are occasionally teleported next to monsters.


Message History

You kill the orc warrior!
Sif Muna accepts your kill.
Unknown command.
A wave of flame ripples out!
The flame wave engulfs the orc!
You kill the orc!
Sif Muna accepts your kill.
You finish channelling waves of flame.
You hear a shout!
Unknown command.
Casting: Flame Wave (mildly dangerous; 1% risk of failure)
Confirm with . or Enter, or press ? or * to list all spells.
You conjure some foxfire!
Unknown command.
Casting: Foxfire (safe; 1% risk of failure)
Confirm with . or Enter, or press ? or * to list all spells.
You conjure some foxfire!
The foxfire hits the orc warrior.
The orc warrior is lightly wounded.
The foxfire hits the orc warrior but does no damage.
The orc warrior is lightly wounded.
Unknown command.
Casting: Foxfire (safe; 1% risk of failure)
Confirm with . or Enter, or press ? or * to list all spells.
Flames lash the orc warrior.
The orc warrior is moderately wounded.
The orc warrior's fire resistance burns away.
The foxfire hits the orc warrior but does no damage.
The orc warrior is moderately wounded.
Casting: Scorch (safe; 1% risk of failure)
Confirm with . or Enter, or press ? or * to list all spells.
Flames lash the orc warrior.
The orc warrior is burned terribly!
The orc warrior is moderately wounded.
Unknown command.
You hit the orc warrior but do no damage.
Your weapon exudes an aura of protection.
Your grab misses the orc warrior.
You pierce the orc warrior, but do no damage.
You squeeze the orc warrior.
The orc warrior is heavily wounded.
The orc warrior hits you with a +0 dire flail!!
You die...

## #.# .. .. ## ##.
##.# ##.# ###
#...####... ##@##
##.#.#.#... #)o)###
#..........
##†°#)†####.........
#.°)))).............
#..().........)......
##(.....).)...)).....
##.#(...............
###................
..................


You could see an orc warrior (strong, combustible).

Vanquished Creatures
  Rupert (Orc:2)
  An orc warlord (Orc:2)
  Fannar (Orc:1)
  Erolcha (D:10)
  4 boulder beetles
  3 two-headed ogres
  A centaur warrior (D:11)
  The ghost of twist the Transmogrifier, a novice OpTm of Gozag (D:7)
  Nergalle (Orc:1)
  6 orc knights
  A deep elf pyromancer (D:11)
  5 ugly things
  7 orc sorcerers
  8 cyclopes
  2 manticores
  Maurice (Orc:1)
  3 unseen horrors
  Maggie (D:6)
  2 kobold demonologists (D:10)
  6 komodo dragons
  A tengu conjurer (D:11)
  8 trolls
  A meliai (D:11)
  A hornet (D:10)
  A centaur simulacrum (D:11)
  4 wraiths
  18 yaks
  Eustachio (D:6)
  3 wyverns
  2 basilisks
  2 steam dragons
  3 vampire mosquitoes (D:11)
  9 wargs
  An acid dragon (D:12)
  The ghost of twist the Chiller, an amateur OpTm (D:5)
  4 water moccasins
  A swamp drake (D:12)
  An ice beast (D:7)
  35 orc warriors
  A black bear (D:8)
  9 ogres
  3 centaurs
  14 kobold brigands
  Blork the orc (D:5)
  3 bullfrogs
  2 gnoll sergeants
  4 scorpions
  4 wights (D:9)
  12 killer bees
  2 vampire bats (D:3)
  5 howler monkeys
  2 hounds (D:6)
  3 jellies (D:7)
  11 orc priests
  An iguana (D:7)
  19 orc wizards
  6 adders
  A river rat (D:5)
  3 white imps
  A worm (D:2)
  2 dart slugs
  75 orcs
  7 ball pythons
  12 bats
  8 endoplasms
  5 giant cockroaches
  4 goblins
  4 hobgoblins
  9 jackals
  13 quokkas
  4 frilled lizards
  21 kobolds
  3 rats
427 creatures vanquished.

Vanquished Creatures (collateral kills)
  The ghost of MrRokkomies the Fighter, a novice AtGl of Uskayaw (D:8)
  2 yaks (D:9)
  An orc warrior (Orc:2)
  A hound (D:6)
  2 orcs (Orc:2)
7 creatures vanquished.

Vanquished Creatures (others)
  An orc knight (Orc:2)
  A troll (Orc:2)
  A water moccasin (D:9)
  3 orc warriors
  A bush (D:9)
  1125 foxfires
  6 fungi
  24 plants
1162 creatures vanquished.

Grand Total: 1596 creatures vanquished

Notes
Turn   | Place    | Note
-------+----------+-------------------------------------------
     0 | D:1      | Conn the Octopode Fire Elementalist began the quest for the
                  | Orb.
     0 | D:1      | Reached XP level 1. HP: 11/11 MP: 3/3
   189 | D:1      | Reached XP level 2. HP: 8/17 MP: 0/5
  1220 | D:2      | Reached XP level 3. HP: 17/21 MP: 3/6
  1223 | D:2      | Learned a level 2 spell: Scorch
  1227 | D:2      | Learned a level 3 spell: Kindle Blastsparks
  2479 | D:3      | Reached XP level 4. HP: 27/27 MP: 7/7
  2636 | D:3      | Reached XP level 5. HP: 32/32 MP: 1/9
  2642 | D:3      | Reached skill level 1 in Short Blades
  2979 | D:3      | Reached skill level 1 in Fighting
  3421 | D:4      | Reached XP level 6. HP: 37/38 MP: 1/10
  3448 | D:4      | Found a glowing drain.
  3460 | Sewer    | Entered a sewer
  3567 | Sewer    | Noticed a water moccasin
  3577 | Sewer    | Killed a water moccasin
  3747 | D:4      | Found a glowing golden altar of the Shining One.
  4250 | D:5      | Entered Level 5 of the Dungeon
  4276 | D:5      | Reached XP level 7. HP: 37/43 MP: 8/12
  4286 | D:5      | Found a runed translucent door.
  4612 | D:6      | Identified the +7 ring mail of Sunlight {Regen+ Dex+3}
  4694 | D:6      | Reached skill level 1 in Ranged Weapons
  4879 | D:6      | Noticed Maggie
  4891 | D:6      | Killed Maggie
  4892 | D:6      | Reached skill level 5 in Stealth
  4892 | D:6      | Reached skill level 5 in Spellcasting
  4892 | D:6      | Reached skill level 5 in Fire Magic
  4892 | D:6      | Reached XP level 8. HP: 7/48 MP: 1/15
  5109 | D:6      | Reached skill level 1 in Evocations
  5184 | D:5      | Learned a level 3 spell: Inner Flame
  5189 | D:5      | Learned a level 4 spell: Flame Wave
  5194 | D:5      | Learned a level 4 spell: Dispel Undead
  5449 | D:5      | Found a staircase to the Ecumenical Temple.
  5458 | Temple   | Entered the Ecumenical Temple
  5547 | Temple   | Became a worshipper of Sif Muna the Loreminder
  5640 | D:5      | Noticed a two-headed ogre
  5646 | D:5      | Killed a two-headed ogre
  5647 | D:5      | Reached skill level 1 in Necromancy
  5647 | D:5      | Reached skill level 1 in Translocations
  5647 | D:5      | Reached XP level 9. HP: 53/53 MP: 4/17
  5770 | D:5      | Noticed Blork the orc
  5776 | D:5      | Killed Blork the orc
  5912 | D:5      | Noticed twist's ghost (amateur OpTm)
  5973 | D:5      | Found a runed translucent door.
  6300 | D:5      | Killed twist's ghost
  6557 | D:6      | Noticed Eustachio
  6567 | D:6      | Killed Eustachio
  6865 | D:6      | Noticed twist's ghost (novice OpCA)
  6869 | D:6      | Found a runed translucent door.
  6968 | D:6      | Identified a scroll of acquirement
  6974 | D:6      | Acquired 855 gold pieces
  7090 | D:7      | Found a runed translucent gate.
  7090 | D:7      | Found a runed translucent gate.
  7090 | D:7      | Found a runed translucent gate.
  7101 | D:7      | Noticed twist's ghost (novice OpTm)
  7103 | D:7      | Reached * piety under Sif Muna
  7418 | D:7      | Learned a level 3 spell: Swiftness
  8124 | D:7      | Reached XP level 10. HP: 58/58 MP: 17/19
  8131 | D:7      | Reached ** piety under Sif Muna
  8131 | D:7      | Killed twist's ghost
  8676 | D:8      | Noticed a two-headed ogre
  8690 | D:7      | Noticed a rust devil
  8690 | D:7      | Noticed a rust devil
  8782 | D:8      | Found a runed translucent gate.
  8782 | D:8      | Found a runed translucent gate.
  8782 | D:8      | Found a runed translucent gate.
  8783 | D:8      | Found an opulent altar of Gozag.
  8784 | D:8      | Noticed MrRokkomies's ghost (novice AtGl)
  8785 | D:8      | Noticed a manticore
  8785 | D:8      | Noticed a boulder beetle
  8841 | D:8      | Killed a two-headed ogre
  8842 | D:8      | Reached skill level 5 in Conjurations
  8842 | D:8      | Reached skill level 1 in Hexes
  8970 | D:8      | Found an opulent altar of Gozag.
  8971 | D:8      | Found a hazy altar of Hepliaklqana.
  8980 | D:8      | Found an ancient bone altar of Kikubaaqudgha.
  9121 | D:8      | Gained mutation: You are robust. (+10% HP) [potion of
                  | mutation]
  9121 | D:8      | Gained mutation: You are occasionally teleported next to
                  | monsters. [potion of mutation]
  9121 | D:8      | Gained mutation: You have hidden genetic potential. [potion
                  | of mutation]
  9468 | D:8      | Killed a manticore
  9469 | D:8      | Reached skill level 5 in Necromancy
  9500 | D:8      | Killed MrRokkomies's ghost
  9501 | D:8      | Reached skill level 1 in Invocations
  9501 | D:8      | Reached XP level 11. HP: 30/69 MP: 22/22
  9506 | D:8      | Killed a boulder beetle
  9958 | D:9      | Reached *** piety under Sif Muna
  9993 | D:9      | Gained mutation: Your flesh is heat resistant. (rF+)
                  | [hidden potential]
 10189 | D:9      | Found a staircase to the Lair.
 10645 | D:9      | Upgraded the game from 0.30-a0-347-gf58ed5266c to
                  | 0.30-a0-352-g1e81539c98
 10890 | D:10     | Entered Level 10 of the Dungeon
 10894 | D:10     | Noticed Erolcha
 11157 | D:10     | Reached **** piety under Sif Muna
 11793 | D:10     | Noticed a green ugly thing
 11811 | D:10     | HP: 3/69 [poisoned by a green ugly thing]
 12143 | D:10     | Reached skill level 5 in Invocations
 12176 | D:10     | Killed a green ugly thing
 12177 | D:10     | Reached XP level 12. HP: 48/77 MP: 19/24
 12273 | D:10     | Killed Erolcha
 12276 | D:10     | Acquired the +3 warlock's mirror {reflect}
 12276 | D:10     | Found the +3 warlock's mirror {reflect}
 12571 | D:11     | Found a hazy altar of Hepliaklqana.
 12681 | D:11     | Reached skill level 1 in Shields
 12818 | D:11     | Learned a level 5 spell: Irradiate
 13041 | D:11     | Identified the amulet of Gotu {RegenMP rN+ Dex+3}
 13181 | D:11     | Gained mutation: One of your tentacles bears a spike.
                  | [hidden potential]
 13181 | D:11     | Lost mutation: You have hidden genetic potential. [hidden
                  | potential expressed]
 13263 | D:11     | Reached skill level 1 in Transmutations
 13611 | D:11     | Noticed a boulder beetle
 13622 | D:11     | Reached skill level 10 in Fire Magic
 13633 | D:11     | Identified the ring of the Empire {*Slow rPois Will+ Dex+3}
 13633 | D:11     | Noticed a centaur warrior
 13637 | D:11     | Noticed a boulder beetle
 13642 | D:11     | Killed a centaur warrior
 13654 | D:11     | Noticed a two-headed ogre
 13658 | D:11     | Killed a two-headed ogre
 14182 | D:11     | Reached skill level 1 in Throwing
 14223 | D:10     | Learned a level 3 spell: Confusing Touch
 14237 | D:11     | Killed a boulder beetle
 14493 | D:10     | Killed a boulder beetle
 14494 | D:10     | Reached XP level 13. HP: 66/81 MP: 26/26
 14549 | D:11     | Reached skill level 10 in Spellcasting
 14614 | D:11     | Identified the ring of the Rabble {Ice Will+}
 14779 | D:11     | Identified the ring "Fiyh" {rN+ Will- rCorr Str+3} (You
                  | took it off an orc wizard on level 11 of the Dungeon)
 15052 | D:12     | Found a hide-covered altar of Uskayaw.
 15485 | D:12     | Found a staircase to the Orcish Mines.
 15527 | Orc:1    | Entered Level 1 of the Orcish Mines
 15605 | Orc:1    | Noticed Nergalle
 15618 | Orc:1    | Killed Nergalle
 15689 | Orc:1    | Noticed Fannar
 15704 | Orc:1    | Killed Fannar
 16019 | Orc:1    | Noticed Maurice
 16024 | Orc:1    | Killed Maurice
 16495 | Orc:2    | Entered Level 2 of the Orcish Mines
 16623 | Orc:2    | Noticed an orc warlord
 16788 | Orc:2    | Noticed an orc warlord
 16980 | Orc:2    | Reached ***** piety under Sif Muna
 17222 | Orc:2    | Received a gift from Sif Muna
 17224 | Orc:2    | Reached skill level 5 in Shields
 17533 | Orc:2    | Found a transporter.
 17536 | Orc:2    | Noticed djsbf's ghost (journeyman SpEn)
 17537 | Orc:2    | Identified the +12 great mace "Xejepsia" {antimagic, rPois
                  | Str+3 Int+3}
 17544 | Orc:2    | Found a transporter.
 17653 | Orc:2    | Got Sif Muna's Teachings on the Shadowy Storm {god gift}
 17660 | Orc:2    | Learned a level 5 spell: Arcjolt
 17825 | Orc:2    | Found Cyma's Assorted Antiques.
 17830 | Orc:2    | Bought a scroll of identify for 64 gold pieces
 17836 | Orc:2    | Noticed Rupert
 17845 | Orc:2    | Killed Rupert
 17846 | Orc:2    | Reached XP level 14. HP: 88/88 MP: 27/28
 17922 | Orc:2    | Reached skill level 5 in Transmutations
 17943 | Orc:2    | Killed an orc warlord
 17971 | Orc:2    | Slain by an orc warrior

Illustrated notes

Levels and vault maps discovered:
D:1:      amcnicky_arrival_blooded_trapdoor, layout_basic
D:2:      layout_basic
D:3:      layout_loops_cross, kennysheep_small_spiral, roderic_batcave,
          kennysheep_flooded_box
D:4:      layout_cave_pools, nicolae_tso_swordbearing_angel,
          portal_sewer_entry_f
D:5:      layout_gridville, minmay_temple_entry_statues_fountains,
          ebering_ghost_sewer_f, st_stairs_5, uniq_blork_the_orc
D:6:      layout_loops_corners, hellmonk_ghost_happy_afterlife, chequers_jeans,
          small_statue_intersection, chequers_serial_rivers_micro_b,
          chequers_serial_rivers_large_b, uniq_maggie, uniq_eustachio
D:7:      cheibrodos_iron_armory, layout_cave_pools,
          gammafunk_ghost_nasty_kobolds
D:8:      layout_basic, nicolae_overflow_hidden_temple, ebering_ghost_gozag,
          minivault_1, grunt_decor_mini_mirrors,
          hangedman_abyss_or_decor_passed, hangedman_abyss_or_decor_clamps
D:9:      layout_long_grid, minmay_lair_entry_grove, kennysheep_generic_room_10
D:10:     layout_loops_corners, uniq_erolcha
D:11:     minmay_the_grid_triangle_9x9_recursive_3_mashed
          [minmay_the_grid_triangle_9x9_semitri,
          minmay_the_grid_triangle_9x9_shrine,
          minmay_the_grid_triangle_9x9_alien,
          minmay_the_grid_triangle_9x9_prize_special,
          minmay_the_grid_triangle_9x9_odd_lines,
          minmay_the_grid_triangle_9x9_negative_grid,
          minmay_the_grid_triangle_9x9_dagger,
          minmay_the_grid_triangle_9x9_cache,
          minmay_the_grid_triangle_9x9_pentomino_pain], layout_small_grid,
          worldfamousw_hep_ancestral_shrine
D:12:     layout_gridville, erik_orc_1, nicolae_uskayaw_en_pointe
Temple:   dpeg_five_rooms_temple
Orc:1:    layout_diamond_mine, nicolae_orc_lava_room, uniq_maurice, uniq_fannar,
          uniq_nergalle
Orc:2:    st_orc_town, layout_diamond_mine, serial_shops, shop,
          nicolae_lakefront_shop, gammafunk_ghost_smash, minmay_orc_treasury,
          uniq_rupert

Skill      XL: |  1  2  3  4  5  6  7  8  9 10 11 12 13 14 |
---------------+-------------------------------------------+-----
Stealth        | 3 4 5 6 |  6.0
Short Blades   | 1 |  1.9
Spellcasting   | 3 5 6 7 8 9 10 11 | 11.1
Fighting       | 1 |  1.9
Conjurations   | 2 3 4 5 7 8 |  8.6
Dodging        | 3 4 |  4.4
Fire Magic     | 4 5 6 7 8 9 10 11 | 11.6
Ranged Weapons | 1 |  1.7
Evocations     | 1 2 |  2.8
Poison Magic   | 3 4 |  4.2
Necromancy     | 1 4 5 6 |  6.7
Translocations | 1 3 |  3.0
Air Magic      | 2 3 |  3.0
Hexes          | 1 2 3 |  3.6
Invocations    | 1 5 6 8 |  8.3
Shields        | 3 5 |  5.2
Transmutations | 2 4 5 |  5.0
Throwing       | 1 |  1.0

Action                   |  1- 3 |  4- 6 |  7- 9 | 10-12 | 13-15 || total
-------------------------+-------+-------+-------+-------+-------++-------
Melee: Unarmed           |     3 |       |       |       |       ||     3
       Dagger            |    36 |    65 |    23 |    65 |    25 ||   214
       Constrict         |     9 |    12 |     3 |     9 |     5 ||    38
       Tentacles         |     5 |    11 |     3 |    24 |    11 ||    54
       Punch             |     1 |     1 |       |     3 |     1 ||     6
       Kick              |       |       |       |    12 |    11 ||    23
 Fire: Shortbow          |       |     8 |     2 |       |       ||    10
Throw: Dart              |     1 |     1 |       |     9 |     7 ||    18
       Throwing net      |       |     1 |       |       |       ||     1
 Cast: Foxfire           |    59 |    72 |   112 |   197 |   208 ||   648
       Scorch            |       |     2 |    32 |   111 |    70 ||   215
       Kindle Blastspark |       |       |     3 |    12 |     2 ||    17
       Inner Flame       |       |       |     7 |    46 |    41 ||    94
       Flame Wave        |       |       |     4 |    16 |    31 ||    51
       Swiftness         |       |       |       |     1 |     1 ||     2
       Dispel Undead     |       |       |       |     1 |       ||     1
       Confusing Touch   |       |       |       |     3 |     2 ||     5
       Irradiate         |       |       |       |       |     1 ||     1
Invok: Channel Magic     |       |       |       |     2 |       ||     2
Evoke: Wand              |       |       |     3 |     7 |    11 ||    21
  Use: Scroll            |       |       |     9 |    22 |     3 ||    34
       Potion            |       |       |       |    20 |     2 ||    22
 Stab: Sleeping          |     7 |     2 |     5 |     1 |     2 ||    17
       Held in net/web   |       |     1 |       |       |       ||     1
       Confused          |       |       |       |     4 |     1 ||     5
       Invisible         |       |       |       |       |     2 ||     2
Armor: Skin              |     4 |    17 |     5 |    19 |     6 ||    51
Dodge: Dodged            |    21 |    54 |    32 |   101 |    92 ||   300
Block: Buckler           |       |       |       |    15 |    63 ||    78
       Reflection        |       |       |       |     3 |    16 ||    19

Table legend: (Time is in decaauts)
 A = Elapsed time spent in this place.
 B = Non-inter-level travel time spent in this place.
 C = Inter-level travel time spent in this place.
 D = Time resting spent in this place.
 E = Time spent auto-exploring this place.
 F = Levels seen in this place.
 G = Mean time per level.
                   A        B        C        D        E       F      G
               +--------+--------+--------+--------+--------+-----+--------+
         Total |  17988 |  17705 |    283 |   1957 |  10865 |  16 | 1124.2 |
       Dungeon |  15153 |  14877 |    276 |   1494 |   9619 |  12 | 1262.8 |
        Temple |    145 |    145 |      0 |      0 |     72 |   1 |  145.0 |
  Orcish Mines |   2460 |   2453 |      7 |    463 |   1004 |   2 | 1230.0 |
         Sewer |    228 |    228 |      0 |      0 |    170 |   1 |  228.0 |
               +--------+--------+--------+--------+--------+-----+--------+

Top non-repeatable levels by time:
    D:11: 2057 daAuts
    D:10: 1960 daAuts
   Orc:1: 1867 daAuts
     D:6: 1536 daAuts
     D:8: 1338 daAuts
     D:7: 1306 daAuts
     D:2: 1274 daAuts
     D:9: 1193 daAuts
     D:5: 1153 daAuts
     D:3: 1079 daAuts
     D:1: 858 daAuts
     D:4: 801 daAuts
    D:12: 594 daAuts
   Orc:2: 593 daAuts
   Sewer: 228 daAuts
